 Dungeon Crawl Stone Soup version 0.26.0-18-gc5c842f807 (webtiles) character file.

Game seed: 8251601891656099045

25 iamoutofideas the Chiller (level 2, -7/19 HPs)
             Began as a Demonspawn Ice Elementalist on Jan 23, 2021.
             Shot with an arrow by a centaur (17 damage)
             ... on level 2 of the Dungeon.
             The game lasted 00:01:31 (1002 turns).

iamoutofideas the Chiller (DsIE)                    Turns: 1002, Time: 00:01:31

Health: -7/19      AC:  2    Str:  8    XL:     2   Next: 86%
Magic:  5/5        EV: 12    Int: 16    God:
Gold:   32         SH:  0    Dex: 13    Spells: 4/5 levels left

rFire    . . .     SeeInvis .   j - staff of cold
rCold    + + .     Faith    .   (no shield)
rNeg     . . .     Spirit   .   a - +0 robe
rPois    .         Reflect  .   (no helmet)
rElec    .         Harm     .   (no cloak)
rCorr    .         Rampage  .   (no gloves)
Will     .....     Rnd*Tele +   (no boots)
Stlth    ++........             (no amulet)
HPRegen  0.06/turn              g - ring of teleportation (curse)
MPRegen  0.09/turn              (no ring)

@: no status effects
A: cold resistance 1
a: no special abilities


You were on level 2 of the Dungeon.
You visited 1 branch of the dungeon, and saw 2 of its levels.

You collected 32 gold pieces.

Inventory:

Hand Weapons
 c - a +0 short sword
Armour
 a - a +0 robe (worn)
Magical Staves
 j - an uncursed staff of cold (weapon)
Jewellery
 g - a cursed ring of teleportation (left hand)
Scrolls
 d - a scroll of identify {unknown}
 h - a scroll of remove curse {unknown}
Potions
 b - a potion of attraction {unknown}
 e - a potion of cancellation {unknown}
 f - a potion of might {unknown}
 i - a potion of berserk rage {unknown}


   Skills:
 + Level 2.1 Dodging
 + Level 1.9 Stealth
 + Level 2.3 Spellcasting
 + Level 4.0 Ice Magic


You had 4 spell levels left.
You knew the following spells:

 Your Spells              Type           Power        Failure   Level
a - Freeze                Ice            88%          3%          1

Your spell library contained the following spells:

 Spells                   Type           Power        Failure   Level
 Frozen Ramparts          Ice            44%          12%         3
 Ozocubu's Armour         Ice            22%          12%         3
 Hailstorm                Conj/Ice       12%          65%         4
 Summon Ice Beast         Ice/Summ       12%          65%         4


Dungeon Overview and Level Annotations

Branches:
Dungeon (2/15)

Altars:


Innate Abilities, Weirdness & Mutations

Your flesh is cold resistant. (rC+)


Message History

A frilled lizard comes into view.
The frilled lizard hisses angrily.
Found 4 stones and a knobbly jewelled staff.
You hit the frilled lizard.
You kill the frilled lizard!
No target in view!
You see here a knobbly jewelled staff.
j - a knobbly jewelled staff
j - an uncursed staff of cold (weapon)
Found 27 sling bullets.
A centaur comes into view. It is wielding a +0 club.
The centaur shouts!
The centaur unwields a +0 club.
The centaur wields a +0 shortbow.
The centaur shoots an arrow.
The arrow misses you.
The centaur shoots an arrow.
The arrow hits you!
You see here an arrow.
A centaur is nearby!
The centaur shoots an arrow.
The arrow hits you!
Ouch! That really hurt!
You die...

#.# #......#
#..# #.#
#.###..###..#
#.......#
#.#.###.#
.....# #.#
##..#.# #.#
#..#.# #.#
##.....##.#
.......@((#
##..c..####
#..#.# ... #.
. . ##


You could see a centaur.

Vanquished Creatures
  An adder (D:2)
  A dart slug (D:2)
  A giant cockroach (D:1)
  2 hobgoblins (D:1)
  5 bats (D:1)
  A frilled lizard (D:2)
  4 kobolds (D:1)
  A rat (D:1)
16 creatures vanquished.

Notes
Turn   | Place    | Note
-------+----------+-------------------------------------------
     0 | D:1      | iamoutofideas the Demonspawn Ice Elementalist began the
                  | quest for the Orb.
     0 | D:1      | Reached XP level 1. HP: 13/13 MP: 3/3
   421 | D:1      | Gained mutation: Your flesh is cold resistant. (rC+)
                  | [demonic ancestry]
   421 | D:1      | Reached XP level 2. HP: 19/19 MP: 3/5
   884 | D:2      | Reached skill level 4 in Ice Magic
  1000 | D:2      | Noticed a centaur
  1002 | D:2      | Shot with an arrow by a centaur

Illustrated notes

Levels and vault maps discovered:
D:1:      matt_arrival_los_fun, layout_basic, chequers_serial_rivers_room_a,
          hangedman_glass_teeth, nrook_campfire
D:2:      layout_loops_ring, minmay_octomino_c4

Skill      XL: |  1  2 |
---------------+-------+-----
Dodging        | 2 |  2.1
Ice Magic      | 4 |  4.0
Stealth        | |  1.9
Spellcasting   | |  2.3

Action                   || total
-------------------------++-------
Melee: Short sword       ||    13
       Unarmed           ||     2
 Cast: Freeze            ||    24
 Stab: Sleeping          ||     1
Armor: Robe              ||    11
Dodge: Dodged            ||    29
